Map: Dusk Towers

Players

State - Winner!

  • Race: Protoss Protoss
  • League: Grandmaster

llllllllllll (Oliveira)

  • Race: Terran Terran
  • League: Grandmaster

VOD

Have the link to the VOD?

Description

Time

  • Played on: Nov. 25, 2015, 2:36 a.m.
  • Length: 9:15
Show
View Real Time Build Order
Export as new Build Order

State Protoss - Winner!

Build Orders: 1 Gate Expand 

Get SALT Encoding   

  12  0:01  Probe (Chrono Boost)  
  13  0:12  Probe (Chrono Boost)  
  14  0:18  Pylon  
  14  0:22  Probe (Chrono Boost)  
  15  0:36  Probe (Chrono Boost)  
  15  0:37  Gateway  
  16  0:43  Assimilator  
  16  0:46  Probe (Chrono Boost)  
  18  0:57  Probe (Chrono Boost)  
  18  1:07  Probe (Chrono Boost)  
  19  1:18  Nexus  
  19  1:21  Probe (Chrono Boost)  
  20  1:31  Cybernetics Core  
  20  1:34  Probe (Chrono Boost)  
  21  1:42  Assimilator  
  21  1:44  Probe (Chrono Boost)  
  22  1:52  Pylon  
  22  1:55  Probe (Chrono Boost)  
  23  2:10  Mothership Core (Chrono Boost), Adept  
  27  2:16  Warp Gate  
  27  2:20  Pylon  
  27  2:29  Probe (Chrono Boost)  
  28  2:33  Probe (Chrono Boost)  
  29  2:39  Probe (Chrono Boost), Adept  
  33  2:48  Robotics Facility  
  33  2:49  Probe (Chrono Boost)  
  33  2:50  Probe (Chrono Boost)  
  34  2:58  Twilight Council  
  34  3:00  Probe (Chrono Boost)  
  34  3:03  Probe (Chrono Boost)  
  36  3:11  Probe (Chrono Boost)  
  37  3:14  Probe (Chrono Boost)  
  38  3:23  Probe (Chrono Boost)  
  38  3:24  Resonating Glaives  
  38  3:25  Probe (Chrono Boost)  
  40  3:34  Probe (Chrono Boost)  
  40  3:35  Probe (Chrono Boost)  
  40  3:36  Immortal (Chrono Boost)  
  46  3:50  Gateway  
  46  3:51  Gateway  
  46  3:55  Gateway  
  46  3:57  Gateway  
  46  4:01  Probe x2  
  48  4:10  Warp Prism (Chrono Boost)  
  48  4:13  Pylon  
  50  4:32  Gateway x2  
  50  4:35  Gateway  
  50  4:36  Probe  
  50  4:37  Probe  
  52  4:43  Pylon  
  53  4:45  Observer (Chrono Boost)  
  53  4:46  Pylon  
  53  4:48  Probe  
  54  5:06  Adept x2  
  54  5:07  Adept x3  
  59  5:28  Warp Prism (Chrono Boost)  
  61  5:30  Adept  
  61  5:31  Adept x3  
  53  5:38  Probe x2  
  45  5:52  Probe  
  41  6:07  Probe  
  41  6:08  Probe  
  43  6:14  Adept  
  43  6:15  Adept x7  
  59  6:20  Probe  
  59  6:24  Warp Prism (Chrono Boost)  
  61  6:38  Adept  
  61  6:39  Sentry  
  64  6:53  Pylon x2  
  64  7:01  Pylon  
  64  7:18  Assimilator  
  64  7:20  Adept x2  
  64  7:21  Cybernetics Core  
  64  7:22  Observer (Chrono Boost)  
  69  7:24  Pylon  
  67  7:39  Adept  
  67  7:41  Adept  
  67  7:42  Adept  
  60  7:58  Pylon  
  60  7:59  Pylon  
  60  8:07  Adept x3  
  60  8:10  Assimilator  
  62  8:40  Nexus  
  58  8:51  Adept  
  58  8:52  Adept x2  
Show
View Real Time Build Order
Export as new Build Order

llllllllllll Terran 

Build Orders: Reaper Expand 

Get SALT Encoding   

  12  0:01  SCV  
  13  0:13  SCV  
  14  0:18  Supply Depot  
  14  0:26  SCV  
  15  0:40  SCV  
  16  0:43  Barracks  
  16  0:45  Refinery  
  16  0:52  SCV  
  18  1:04  SCV  
  18  1:16  SCV  
  19  1:30  Reaper, Orbital Command  
  20  1:44  Command Center  
  20  1:48  Supply Depot  
  20  1:56  SCV  
  21  2:02  Barracks Reactor  
  21  2:08  SCV  
  22  2:10  Barracks  
  22  2:14  Refinery  
  22  2:20  SCV  
  23  2:24  Factory  
  23  2:32  SCV  
  24  2:39  Marine x2  
  26  2:46  SCV  
  27  2:59  Orbital Command  
  27  3:00  Marine x2  
  27  3:01  SCV, Barracks Tech Lab  
  30  3:09  Starport  
  30  3:10  Widow Mine  
  32  3:14  SCV  
  33  3:20  Stimpack  
  33  3:21  Marine  
  33  3:25  SCV  
  33  3:26  SCV  
  33  3:27  Marine  
  36  3:36  Supply Depot  
  36  3:37  Marine  
  36  3:38  SCV  
  36  3:40  SCV  
  36  3:41  Widow Mine  
  39  3:45  Medivac  
  43  3:50  SCV  
  43  3:51  Marine  
  43  3:52  SCV  
  46  3:57  Supply Depot, Marine  
  47  4:02  Marine  
  47  4:03  SCV  
  47  4:04  SCV  
  50  4:11  Barracks  
  50  4:14  Factory Reactor, Medivac  
  50  4:17  SCV, Marine  
  53  4:19  Marine  
  53  4:22  SCV  
  53  4:24  Supply Depot  
  56  4:28  Engineering Bay  
  56  4:31  SCV  
  56  4:35  Marine  
  56  4:38  SCV  
  59  4:40  Marine x2  
  59  4:41  Refinery  
  59  4:43  SCV  
  59  4:45  Supply Depot  
  62  4:52  SCV  
  63  4:58  Marine  
  64  5:00  Medivac x2  
  64  5:01  Marine  
  64  5:06  Terran Infantry Weapons Level 1  
  69  5:07  SCV  
  69  5:13  Supply Depot, Marine x2  
  68  5:14  Supply Depot  
  68  5:19  Orbital Command  
  61  5:31  Marine x2  
  61  5:32  Marine  
  61  5:34  SCV  
  41  5:44  SCV  
  41  5:47  SCV  
  41  5:49  Marine x2  
  45  5:51  Marine x2  
  45  5:56  SCV  
  48  6:01  SCV  
  49  6:07  Marine x2  
  49  6:08  Medivac  
  49  6:09  SCV, Marine x2  
  52  6:23  Widow Mine  
  52  6:24  Marine x2  
  55  6:26  Marine  
  55  6:29  Marine  
  50  6:42  Marine x2  
  35  7:07  Orbital Command  
  31  7:09  Marine x2  
  31  7:13  Orbital Command  
  33  7:23  Orbital Command  
  22  8:22  SCV x2  
  23  8:36  SCV  
  23  8:38  SCV  
  23  8:47  Marine x2  
  26  8:49  Marine  
  27  8:56  Marine  
  27  9:00  SCV  
Tags
 
Add a new tag
Caveats
  • Supply blocks, unpowered buildings, or Contaminate may cause inaccurate times.
  • Supply counts are checked every 10 seconds.